 Dungeon Crawl Stone Soup version 0.31-a0-1082-g7d1fb776a8 (webtiles) character file.

Game seed: 15468374571851350022

17299 night the Skirmisher (level 12, 0/95 HPs)
             Began as a Formicid Hunter on Nov 24, 2023.
             Was a Priest of Ashenzari.
             Engulfed by a cloud of flame (4 damage)
             ... in a volcano on Nov 27, 2023.
             The game lasted 00:41:23 (9675 turns).

night the Skirmisher (Formicid Hunter)              Turns: 9675, Time: 00:41:23

Health: 0/95       AC:  9    Str: 17    XL:     12   Next: 80%
Magic:  21/21      EV: 19    Int: 11    God:    Ashenzari [***...]
Gold:   569        SH:  0    Dex: 21    Spells: 8/11 levels left

rFire   + + .        a - +0 shortbow of Supernal Wisdom {Comp, Fort} (curse)
rCold   + . .        (no shield)
rNeg    . . .        u - +2 leather armour {rF+}
rPois   +            (helmet unavailable)
rElec   +            A - +1 cloak "Cursed Visionary" {Range, Dev} (curse)
rCorr   +            s - +0 pair of gloves "Insecurity of Ashenzari" {Cun, Fort} (curse)
SInv    +            L - +0 pair of boots
Will    +....        m - amulet of regeneration
Stlth   +++++        H - ring of Ashenzari's Comet {MP+9 Str+2 Slay+4 SInv, Cun, Comp} (curse)
HPRegen 1.15/turn    (no ring)
MPRegen 0.17/turn

%: clarity
@: mighty, resistant
A: permanent stasis, dig shafts and tunnels, antennae 3, four strong arms
a: Dig, Renounce Religion, Curse Item, Shatter the Chains


You were in a volcano.
You worshipped Ashenzari.
Ashenzari was most pleased with you.
You visited 3 branches of the dungeon, and saw 12 of its levels.
You also visited: Volcano.

You collected 674 gold pieces.
You spent 105 gold pieces at shops.

Inventory:

Hand Weapons
 a - the cursed +0 shortbow of Supernal Wisdom (weapon) {Comp, Fort}

   It has a curse which improves the following skills: Companions: Summonings
   and Necromancy.
   Fortitude: Armour and Shields.
 f - a +2 dagger of venom
 n - a +0 scimitar of flaming
 J - a +0 scimitar
 Q - a +2 great sword of flaming
 R - a +2 rapier of flaming
Missiles
 e - 71 stones
 j - 2 silver javelins
 r - a curare-tipped dart
 v - 3 throwing nets
 B - 32 poisoned darts
 D - 2 javelins
Armour
 s - the cursed +0 pair of gloves "Insecurity of Ashenzari" (worn) {Cun, Fort}
   (You found it on level 3 of the Dungeon)

   It has a curse which improves the following skills: Cunning: Dodging and
   Stealth.
   Fortitude: Armour and Shields.
 u - a +2 leather armour of fire resistance (worn)
 y - a +1 leather armour of poison resistance
 A - the cursed +1 cloak "Cursed Visionary" (worn) {Range, Dev}
   (You took it off Crazy Yiuf on level 4 of the Dungeon)

   It has a curse which improves the following skills: Ranged Combat: Ranged
   Weapons and Throwing.
   Devices:   Evocations and Shapeshifting.
 L - a +0 pair of boots (worn)
 O - a +3 leather armour
Jewellery
 c - an amulet of guardian spirit
 m - an amulet of regeneration (around neck)
 H - the cursed ring of Ashenzari's Comet (left hand) {MP+9 Str+2 Slay+4 SInv, Cun, Comp}
   (You acquired it on level 8 of the Dungeon)

   [ring of slaying]

   Str+2:     It affects your strength (+2).
   Slay+4:    It affects your accuracy & damage with ranged weapons and melee
   (+4).
   MP+9:      It affects your magic capacity (+9).
   SInv:      It lets you see invisible.
   It has a curse which improves the following skills: Cunning: Dodging and
   Stealth.
   Companions: Summonings and Necromancy.
 M - a ring of positive energy
Wands
 x - a wand of iceblast (3)
Scrolls
 b - a scroll of butterflies
 i - 2 scrolls of revelation
 k - 3 scrolls of enchant weapon
 q - 3 scrolls of fog
 w - 2 scrolls of amnesia
 z - 2 scrolls of poison
 I - a scroll of brand weapon
Potions
 d - a potion of might
 l - a potion of lignification
 o - a potion of enlightenment
 p - a potion of mutation
 t - 2 potions of magic
 E - 2 potions of attraction
 K - a potion of ambrosia
Miscellaneous
 G - a condenser vane (inert)
 N - a phial of floods (inert)


   Skills:
 + Level 9.3 Fighting
 * Level 13.7(15.1) Ranged Weapons
 + Level 7.7(10.0) Dodging
 + Level 10.7(12.9) Stealth
 - Level 2.2 Unarmed Combat
 + Level 5.0(7.1) Summonings


You had 8 spell levels left.
You knew the following spells:

 Your Spells              Type           Power      Damage    Failure   Level
a - Call Canine Familiar  Summ           15%        N/A       7%          3

Your spell library contained the following spells:

 Spells                   Type           Power      Damage    Failure   Level
 Summon Small Mammal      Summ           60%        N/A       2%          1
 Summon Guardian Golem    Hex/Summ       7%         N/A       28%         3
 Slow                     Hex            0%         N/A       38%         1
 Scorch                   Fire           0%         2d5       54%         2
 Vampiric Draining        Necr           0%         2d6       75%         3
 Confusing Touch          Hex            0%         N/A       77%         3
 Gell's Gravitas          Tloc           0%         N/A       77%         3
 Sigil of Binding         Hex            0%         N/A       77%         3
 Teleport Other           Tloc           0%         N/A       77%         3
 Tukima's Dance           Hex            0%         N/A       77%         3
 Summon Cactus Giant      Summ           7%         N/A       98%         6
 Dimensional Bullseye     Hex/Tloc       0%         N/A       99%         4
 Flame Wave               Conj/Fire      0%         2d4       99%         4
 Iskenderun's Mystic Bla  Conj/Tloc      0%         2d3       99%         4
 Dispersal                Tloc           0%         N/A       100%        6
 Chain Lightning          Conj/Air       0%         N/A       100%        9
 Fire Storm               Conj/Fire      0%         5d1       100%        9
 Shatter                  Erth           0%         3d5*      100%        9


Dungeon Overview and Level Annotations

Branches:
Dungeon (10/15)            Temple (1/1) D:5            Lair (1/5) D:9
Volcano (1/1)
    Orc: D:9-12

Altars:
Ashenzari
Cheibriados
Dithmenos
Elyvilon
Fedhas
Gozag
Hepliaklqana
Kikubaaqudgha
Makhleb
Nemelex Xobeh
Okawaru
Qazlal
Ru
Sif Muna
Trog
Uskayaw
Vehumet
Wu Jian
Xom
Yredelemnul
Zin
The Shining One

Shops:
D:2 (   D:5 (?!(?   D:6 (   D:8 *   D:10 (

Annotations:
D:8 4 transporters


Innate Abilities, Weirdness & Mutations

You cannot be hasted, slowed, berserked, paralysed or teleported.
You can dig through walls and to a lower floor.
You have a pair of large antennae on your head. (SInv)
Your four strong arms can wield two-handed weapons with a shield.


Message History

The stone giant is moderately wounded.
Your butterfly explodes!
The fiery explosion engulfs the stone giant!
Flame seeps out of the stone giant.
The stone giant is heavily wounded.
Your butterfly explodes! x2
The stone giant is engulfed in blazing flames.
Flame seeps out of the stone giant.
The stone giant throws a large rock.
The large rock hits you.
You extend your mandibles.
You dig through the rock wall.
You feel drained.
The stone giant is engulfed in blazing flames.
Flame seeps out of the stone giant.
You retract your mandibles.
You shoot an arrow. The arrow hits the stone giant.
Flame seeps out of the stone giant.
The stone giant is severely wounded.
You shoot an arrow. The arrow hits the stone giant!
Flame seeps out of the stone giant.
The stone giant is almost dead.
The stone giant is engulfed in blazing flames.
The stone giant explodes!
The fiery explosion engulfs you! You resist.
* * * LOW HITPOINT WARNING * * *
Your life force feels restored.
Your base Summonings skill increases to level 5!
You are engulfed in blazing flames.
You resist.
* * * LOW HITPOINT WARNING * * *
You are engulfed in blazing flames.
You resist.
* * * LOW HITPOINT WARNING * * *
You feel better.
You are engulfed in blazing flames.
You resist.
* * * LOW HITPOINT WARNING * * *
You feel protected.
You are engulfed in blazing flames.
You resist.
* * * LOW HITPOINT WARNING * * *
You are engulfed in blazing flames.
You resist.
* * * LOW HITPOINT WARNING * * *
You are engulfed in blazing flames.
You resist.
* * * LOW HITPOINT WARNING * * *
You are engulfed in blazing flames.
You resist.
You die...

###############
############### ####
########≈§##### ##≈≈##
#######≈☼§§#### #≈≈≈≈##
######≈°☼○≈#### #≈≈§§.#
######§☼§≈§#### #§≈.§.###
####@○§°☼°○☼### ≈§§.....#
#####§☼○§§§☼### ≈§§∩..###
######§§○°○§≈## #§§..##
#######°☼§≈☼§## ####.#
######.°○°☼°§## ###.##
######..§○°☼### #..#######
#######.§≈≈≈###
##...##§.###..###.##≈≈####
#......§).....#.#########


There were no monsters in sight!

Vanquished Creatures
  A stone giant (Volcano)
  Josephine (D:10)
  2 two-headed ogres
  2 death yaks (Lair:1)
  A lindwurm (Lair:1)
  A gargoyle (Volcano)
  2 kobold demonologists (D:9)
  A komodo dragon (Lair:1)
  An efreet (Volcano)
  A freezing wraith (D:10)
  Grinder (D:5)
  Sigmund (D:3)
  34 yaks
  A wyvern (D:8)
  3 fire elementals (Volcano)
  A basilisk (D:9)
  6 wraiths
  Grum (D:9)
  Edmund (D:6)
  6 water moccasins
  3 orc warriors
  A sky beast (D:7)
  3 ice beasts
  3 black bears
  8 wolves
  2 centaurs
  2 phantoms
  3 kobold brigands
  A gnoll sergeant (D:8)
  An earth elemental (Volcano)
  2 bullfrogs (D:7)
  2 scorpions
  6 killer bees (D:8)
  3 howler monkeys
  2 hounds
  Crazy Yiuf (D:4)
  2 gnoll boudas
  5 orc priests
  3 jellies
  4 orc wizards
  6 iguanas
  Ijyb (D:3)
  Natasha (D:3)
  Robin (D:2)
  20 gnolls
  6 adders
  2 shadow imps (D:7)
  A white imp (D:6)
  3 worms
  3 dart slugs
  28 orcs
  5 endoplasms
  3 giant cockroaches (D:4)
  13 goblins
  10 hobgoblins
  8 jackals
  16 kobolds
  4 quokkas
  8 ball pythons
  6 bats
  7 frilled lizards
  6 rats
283 creatures vanquished.

Vanquished Creatures (collateral kills)
  A kobold brigand (D:9)
  A kobold (D:9)
2 creatures vanquished.

Grand Total: 285 creatures vanquished

Notes
Turn   | Place    | Note
-------+----------+-------------------------------------------
     0 | D:1      | night the Formicid Hunter began the quest for the Orb.
     0 | D:1      | Reached XP level 1. HP: 16/16 MP: 1/1
    99 | D:1      | Reached XP level 2. HP: 23/23 MP: 2/2
   158 | D:1      | Found a faded altar of an unknown god.
   170 | D:1      | Prayed at the altar of an unknown god.
   170 | D:1      | Became a worshipper of Ashenzari the Shackled
   227 | D:1      | Reached XP level 3. HP: 21/28 MP: 3/3
   486 | D:1      | Reached skill level 5 in Ranged Weapons
   749 | D:2      | Reached XP level 4. HP: 34/34 MP: 4/4
   787 | D:2      | Noticed Robin
   791 | D:2      | Killed Robin
  1224 | D:2      | Found Voweptaf's Weapon Shoppe.
  1343 | D:3      | Reached skill level 6 in Ranged Weapons
  1343 | D:3      | Reached XP level 5. HP: 22/39 MP: 5/5
  1461 | D:3      | Reached XP level 6. HP: 43/46 MP: 6/6
  1489 | D:3      | Noticed Sigmund
  1558 | D:3      | Killed Sigmund
  1559 | D:3      | Reached skill level 7 in Ranged Weapons
  1600 | D:3      | Found a white marble altar of Elyvilon.
  1693 | D:3      | Reached XP level 7. HP: 51/51 MP: 7/7
  1875 | D:4      | Noticed Ijyb
  1904 | D:3      | Killed Ijyb
  1946 | D:3      | Reached skill level 8 in Ranged Weapons
  1960 | D:4      | Noticed Natasha
  1975 | D:3      | Killed Natasha
  1976 | D:3      | Reached skill level 2 in Stealth
  2037 | D:4      | Reached skill level 2 in Dodging
  2037 | D:4      | Reached skill level 1 in Unarmed Combat
  2065 | D:4      | Reached * piety under Ashenzari
  2215 | D:4      | Reached skill level 2 in Unarmed Combat
  2296 | D:4      | Found a stormy altar of Qazlal.
  2309 | D:4      | Found an ornate altar of the Wu Jian Council.
  2432 | D:4      | Reached XP level 8. HP: 58/58 MP: 8/8
  2442 | D:4      | Found an opulent altar of Gozag.
  2534 | D:4      | Found a runed translucent door.
  2535 | D:4      | Noticed Crazy Yiuf
  2825 | D:4      | Killed Crazy Yiuf
  2910 | D:5      | Entered Level 5 of the Dungeon
  3192 | D:5      | Found Axuul's Weapon Emporium.
  3193 | D:5      | Found Qicsom's Magic Scroll Shoppe.
  3215 | D:5      | Found Ocaydgh's Distillery.
  3215 | D:5      | Found Xayhaon's Magic Scroll Shop.
  3215 | D:5      | Found Ceid Lia's Weapon Shop.
  3223 | D:5      | Noticed Grinder
  3240 | D:5      | Killed Grinder
  3554 | D:5      | Found a shimmering blue altar of Sif Muna.
  3605 | D:5      | Found a staircase to the Ecumenical Temple.
  3617 | Temple   | Entered the Ecumenical Temple
  3821 | D:6      | Reached skill level 9 in Ranged Weapons
  3910 | D:6      | Reached XP level 9. HP: 66/66 MP: 9/9
  3913 | D:6      | Noticed Edmund
  3935 | D:6      | Killed Edmund
  3935 | D:6      | HP: 9/66 [poisoned by Edmund]
  3936 | D:6      | Reached skill level 5 in Stealth
  3936 | D:6      | HP: 1/66 [scorpion (6)]
  3944 | D:6      | HP: 7/66 [white imp/puff of frost (7)]
  4110 | D:6      | Found a sacrificial altar of Ru.
  4180 | D:6      | Reached skill level 5 in Fighting
  4208 | D:6      | Found Xooxikhlam's Weapon Shop.
  4318 | D:6      | Found a sparkling altar of Nemelex Xobeh.
  4468 | D:5      | Bought a scroll of enchant armour for 105 gold pieces
  4469 | D:5      | Reached ** piety under Ashenzari
  4747 | D:7      | Found an ancient bone altar of Kikubaaqudgha.
  4797 | D:7      | Found a bloodstained altar of Trog.
  4828 | D:7      | Noticed a two-headed ogre
  4856 | D:7      | Killed a two-headed ogre
  4857 | D:7      | Reached skill level 10 in Ranged Weapons
  4857 | D:7      | Reached XP level 10. HP: 38/76 MP: 10/10
  5132 | D:7      | Found a glowing golden altar of the Shining One.
  5180 | D:7      | Found a broken altar of Ashenzari.
  5190 | D:7      | Reached skill level 5 in Dodging
  5193 | D:7      | Found a radiant altar of Vehumet.
  5193 | D:7      | Found a hazy altar of Hepliaklqana.
  5195 | D:7      | Found a snail-covered altar of Cheibriados.
  5195 | D:7      | Found a shimmering altar of Xom.
  5195 | D:7      | Found an iron altar of Okawaru.
  5243 | D:7      | Found a basalt altar of Yredelemnul.
  5501 | D:8      | Identified a scroll of acquirement
  5532 | D:8      | Acquired the ring "Ophiny" {MP+9 Str+2 Slay+4 SInv}
  5703 | D:8      | Found Getren's Assorted Antiques.
  5821 | D:8      | Found a transporter.
  5823 | D:8      | Found a transporter.
  5827 | D:8      | Found a transporter.
  5980 | D:8      | Reached skill level 11 in Ranged Weapons
  5985 | D:8      | Found a blossoming altar of Fedhas.
  6133 | D:8      | Found a transporter.
  6281 | D:9      | Noticed a two-headed ogre
  6295 | D:9      | Killed a two-headed ogre
  6405 | D:9      | Found a staircase to the Lair.
  6439 | D:9      | Reached *** piety under Ashenzari
  6511 | D:9      | Reached XP level 11. HP: 64/84 MP: 11/11
  6567 | D:9      | Noticed Grum
  6642 | D:9      | Killed Grum
  6744 | D:9      | Reached skill level 1 in Summonings
  6774 | D:9      | Reached skill level 12 in Ranged Weapons
  6796 | D:9      | Learned a level 3 spell: Call Canine Familiar
  6842 | D:9      | Reached skill level 2 in Summonings
  7547 | D:10     | Entered Level 10 of the Dungeon
  7639 | D:10     | Noticed Josephine
  7651 | D:10     | Killed Josephine
  7790 | D:10     | Found an iron altar of Okawaru.
  7806 | D:10     | Found a shadowy altar of Dithmenos.
  8048 | D:10     | Found Piuckuz's Antique Weapon Shop.
  8051 | D:10     | Upgraded the game from 0.31-a0-1068-g5939ac1fb6 to
                  | 0.31-a0-1082-g7d1fb776a8
  8159 | D:10     | Found a hazy altar of Hepliaklqana.
  8264 | D:10     | Reached XP level 12. HP: 94/94 MP: 12/12
  8760 | Lair:1   | Entered Level 1 of the Lair of Beasts
  8824 | Lair:1   | Noticed a death yak
  8824 | Lair:1   | Noticed a death yak
  8899 | Lair:1   | Killed a death yak
  8900 | Lair:1   | Reached skill level 13 in Ranged Weapons
  8920 | Lair:1   | HP: 1/93 [death yak (14)]
  8927 | Lair:1   | Killed a death yak
  8928 | Lair:1   | Reached skill level 10 in Stealth
  9322 | Lair:1   | Found a dark tunnel.
  9379 | Volcano  | Entered a volcano
  9490 | Volcano  | HP: 9/91 [earth elemental (32)]
  9619 | Volcano  | Noticed a stone giant
  9646 | Volcano  | HP: 8/95 [stone giant (27)]
  9668 | Volcano  | Killed a stone giant
  9669 | Volcano  | Reached skill level 5 in Summonings
  9670 | Volcano  | HP: 9/95 [cloud of flame (8)]
  9673 | Volcano  | HP: 4/95 [cloud of flame (4)]
  9675 | Volcano  | Engulfed by a cloud of flame

Illustrated notes

Levels and vault maps discovered:
D:1:      ncdulo_wetmaze, layout_rooms, dreamdust_ecumenical_altar_sealed_demon
D:2:      layout_basic, serial_shops, shop, uniq_robin
D:3:      layout_rooms, elyvilon_altar_3, hangedman_decor_growths, uniq_sigmund
D:4:      layout_rooms, overflow_temple_1_default,
          mainiacjoe_overflow_big_doors, kennysheep_dice, uniq_ijyb,
          uniq_natasha, uniq_crazy_yiuf_cottage
D:5:      layout_loops_ring, nicolae_overflow_hidden_temple, temple_hall,
          nicolae_shop_national_dungeon_mall, uniq_grinder
D:6:      layout_cave_pools, nemelex_spade_bored_becter,
          nicolae_ru_sacrificial_ziggurat, serial_shops, shop, uniq_edmund
D:7:      minmay_recursive_quarters, layout_rooms, trog_ov_bears_minmay,
          doesnt_xom_only_xom, nicolae_overflow_crystal_walls,
          mainiacjoe_overflow_catwalk, tso_altar, minmay_misc_feat_square
D:8:      layout_loops_ring, fedhas_bush_and_centaur_altar, serial_shops, shop,
          nicolae_transporter_circle
D:9:      layout_irregular_city, lair_entry_dummy, grunt_ministairs_12,
          minmay_strange_pillars, chequers_decorated_corner, uniq_grum
D:10:     layout_small_grid, lemuel_crystal_altar, general_overflow_altar,
          nicolae_hepliaklqana_hippocampus, serial_shops, kennysheep_mini_moat,
          uniq_josephine
Temple:   hellmonk_temple_rainy
Lair:1:   layout_misc_corridors, nicolae_volcano_entry_vermiform,
          ebering_ghost_disaster_area, grunt_megastairs_4
Volcano:  volcano_pools

Skill      XL: |  1  2  3  4  5  6  7  8  9 10 11 12 |
---------------+-------------------------------------+-----
Ranged Weapons | 5 6 7 8 9 10 11 12 13 | 13.7
Stealth        | 2 4 6 8 9 10 | 10.7
Dodging        | 2 3 4 5 6 7 |  7.7
Unarmed Combat | 2 |  2.2
Fighting       | 3 4 5 7 8 9 |  9.3
Summonings     | 3 5 |  5.0

Action                     |  1- 3 |  4- 6 |  7- 9 | 10-12 || total
---------------------------+-------+-------+-------+-------++-------
  Melee: Shortbow          |       |       |     1 |       ||     1
   Fire: Shortbow          |    77 |   157 |   436 |   873 ||  1543
   Cast: Call Canine Famil |       |       |       |     5 ||     5
 Invoke: Curse Item        |     1 |       |     2 |     1 ||     4
Ability: Dig               |       |       |     1 |     7 ||     8
  Evoke: Wand              |       |       |     5 |     5 ||    10
         Phial of floods   |       |       |       |     1 ||     1
         Condenser vane    |       |       |       |     1 ||     1
    Use: Scroll            |       |       |     5 |     5 ||    10
         Potion            |       |       |     1 |     7 ||     8
 Armour: Leather armour    |    13 |    34 |   143 |   220 ||   410
  Dodge: Dodged            |    11 |    52 |   156 |   263 ||   482

Table legend: (Time is in decaauts)
 A = Elapsed time spent in this place.
 B = Non-inter-level travel time spent in this place.
 C = Inter-level travel time spent in this place.
 D = Time resting spent in this place.
 E = Time spent auto-exploring this place.
 F = Levels seen in this place.
 G = Mean time per level.
                   A        B        C        D        E       F      G
               +--------+--------+--------+--------+--------+-----+--------+
         Total |   9531 |   8775 |    756 |    478 |   5557 |  13 |  733.2 |
       Dungeon |   8693 |   8011 |    682 |    405 |   5392 |  10 |  869.3 |
        Temple |      1 |      1 |      0 |      0 |      0 |   1 |    1.0 |
          Lair |    555 |    481 |     74 |     73 |     64 |   1 |  555.0 |
       Volcano |    281 |    281 |      0 |      0 |    101 |   1 |  281.0 |
               +--------+--------+--------+--------+--------+-----+--------+

Top non-repeatable levels by time:
     D:9: 1294 daAuts
     D:5: 1042 daAuts
     D:4: 946 daAuts
    D:10: 928 daAuts
     D:8: 872 daAuts
     D:2: 847 daAuts
     D:6: 840 daAuts
     D:7: 743 daAuts
     D:3: 651 daAuts
  Lair:1: 555 daAuts
     D:1: 525 daAuts
 Volcano: 281 daAuts
  Temple: 1 daAuts
